 Dungeon Crawl Stone Soup version 0.31-a0-217-g58bb5d79cf (webtiles) character file.

Game seed: 14507843583233460127

25123 qw the Cleaver (level 13, -6/82 HPs)
             Began as a Gargoyle Fighter on July 2, 2023.
             Was an Elder of Okawaru.
             Mangled by Kirke (17 damage)
             ... on level 2 of the Lair of Beasts.
             The game lasted 00:07:27 (13217 turns).

qw the Cleaver (Gargoyle Fighter)                  Turns: 13217, Time: 00:07:27

Health: -6/82      AC:  0    Str: 25    XL:     13   Next: 17%
Magic:  17/20      EV: 17    Int:  9    God:    Okawaru [****..]
Gold:   826        SH:  5    Dex:  9    Spells: 12/12 levels left

rFire   . . .        Y - melded +2 war axe
rCold   . . .        c - melded +0 buckler
rNeg    + . .        C - melded +9 plate armour of Launar {Regen+ Str+3}
rPois   inf          u - melded +2 helmet
rElec   .            (cloak currently unavailable)
rCorr   .            (gloves currently unavailable)
SInv    .            l - melded +0 pair of boots
Will    .....        g - amulet of reflection
Stlth   +++          m - melded ring "Kifamp" {rN+ Str+4 Int-3 Dex+7}
HPRegen 0.33/turn    x - melded ring of protection from cold
MPRegen 0.17/turn

%: reflection
@: pig-form, heroic, finesse-ful, very quick
A: fast, no casting, sickness immunity, AC +9, small, negative energy resistance
1, (electricity resistance), torment resistance 1, petrification resistance
a: Renounce Religion, Heroism, Finesse


You were on level 2 of the Lair of Beasts.
You worshipped Okawaru.
Okawaru was greatly pleased with you.
You were a filthy swine.
You visited 3 branches of the dungeon, and saw 15 of its levels.
You also visited: Ossuary.

You collected 826 gold pieces.


Innate Abilities, Weirdness & Mutations

You are a filthy swine.
You move quickly.
Your equipment is almost entirely melded.
You are incapable of wielding weapons or throwing items.
You cannot cast spells.
You are immune to sickness and miasma.
((Your stone body is resilient. (AC +9)))
You are immune to poison.
You resist negative energy. (rN+)
((You are resistant to electric shocks. (rElec)))
You are resistant to unholy torment.
You are immune to petrification.


   Skills:
 - Level 10.0(15.0) Fighting
 + Level 13.2(18.2) Axes
 - Level 4.0(9.0) Throwing
 - Level 9.0(14.0) Armour
 - Level 4.0(9.0) Dodging
 - Level 6.0(11.0) Shields
 - Level 10.0 Invocations


You had 12 spell levels left.
You didn't know any spells.
Your spell library was empty.

Inventory:

Hand Weapons
 b - a +0 demon whip of venom
 w - a +0 morningstar
 Y - a +2 war axe (melded)
Missiles
 e - 3 boomerangs
 A - 6 javelins
Armour
 c - a +0 buckler (melded)
 l - a +0 pair of boots (melded)
 u - a +2 helmet (melded)
 v - +0 acid dragon scales
 C - the +9 plate armour of Launar (melded) {Regen+ Str+3}
   (Okawaru gifted it to you on level 2 of the Lair of Beasts)

   Str:       It affects your strength (+3).
   Regen:     It increases your rate of health regeneration.
Jewellery
 g - an amulet of reflection (around neck)
 m - the ring "Kifamp" (melded) {rN+ Str+4 Int-3 Dex+7}
   (You found it on level 6 of the Dungeon)

   [ring of positive energy]

   Str:       It affects your strength (+4).
   Int:       It affects your intelligence (-3).
   Dex:       It affects your dexterity (+7).
   rN:        It protects you from negative energy.
 x - a ring of protection from cold (melded)
 y - a +6 ring of dexterity
 B - a ring of protection from cold
Scrolls
 a - 5 scrolls of identify
 n - 4 scrolls of teleportation
Potions
 d - 3 potions of might
 f - 2 potions of resistance
 h - 2 potions of cancellation
 i - 3 potions of enlightenment
 j - 4 potions of mutation
 k - 2 potions of heal wounds
 o - 3 potions of attraction
 p - a potion of lignification
 q - 4 potions of magic
 r - a potion of haste
 t - 7 potions of curing

Dungeon Overview and Level Annotations

Branches:
Dungeon (11/15)            Temple (1/1) D:6            Lair (3/5) D:11
    Orc (0/2) D:9         Ossuary (visited)
  Swamp: Lair:2-3    Shoals: Lair:2-3     Snake: Lair:2-3    Spider: Lair:2-3

Altars:
Ashenzari
Cheibriados
Dithmenos
Elyvilon
Fedhas
Gozag
Hepliaklqana
Kikubaaqudgha
Makhleb
Nemelex Xobeh
Okawaru
Qazlal
Ru
Sif Muna
Trog
Uskayaw
Vehumet
Wu Jian
Xom
Yredelemnul
Zin
The Shining One
Lugonu

Portals:
Abyss: D:9

Annotations:
D:10 exclusion: ice statue
D:11 1 runed translucent door
Lair:2 Kirke


Message History

You turn into a filthy swine.
Your +2 war axe melds into your body.
Your +2 helmet melds into your body.
Your +0 pair of boots melds into your body.
Your +0 buckler melds into your body.
The +9 plate armour of Launar {Regen+ Str+3} melds into your body.
The ring "Kifamp" {rN+ Str+4 Int-3 Dex+7} melds into your body.
Your ring of protection from cold melds into your body.
Autopickup is now on.
You start resting.
You hear some strange, mumbled words.
Deactivating autopickup; reactivate with Ctrl-A.
Something tries to affect you, but you resist.
Autopickup is now on.
You start resting.
You block something's attack.
Deactivating autopickup; reactivate with Ctrl-A.
Autopickup is now on.
You start resting.
Something hits you.
Deactivating autopickup; reactivate with Ctrl-A.
Autopickup is now on.
You start resting.
Something hits you!
Deactivating autopickup; reactivate with Ctrl-A.
Autopickup is now on.
You start resting.
Something hits you!
Deactivating autopickup; reactivate with Ctrl-A.
Autopickup is now on.
You start resting.
Something hits you!
Deactivating autopickup; reactivate with Ctrl-A.
You miss something. You hit something.
You hear some strange, mumbled words.
You feel a momentary urge to oink.
You barely miss something. You bite something! Something hits you!
You die...

..............#####...........#
#...[.........# #...........##
#P###.##.###.## #...........# ###
#.#### ### ###.....P#.## #.#
##P.##..#### #.# ##......#### #.#
##.+.##.#...## #.##
##............## ##'.#####
##.h............# ##
#.......###.{............## #
.###........#...............# #
...........+...#............#####
####........####.................
# ##.......## ####.#'#.#...#..P#
#.........# ###.....##.^...
##...##.#.# #............#
#..####### ##P.....~~P~~~


There were no monsters in sight!

Vanquished Creatures
  A death knight (D:11)
  7 two-headed ogres
  Urug (Lair:2)
  Nergalle (Lair:1)
  Amaemon (D:8)
  A skyshark (Lair:2)
  Joseph (D:7)
  2 black mambas (Lair:2)
  An orange demon (D:8)
  5 cane toads
  A torpor snail (Lair:2)
  2 rime drakes
  5 komodo dragons
  A troll (D:11)
  4 blink frogs (Lair:2)
  2 hornets
  3 dream sheep (Lair:2)
  A shadow (D:11)
  2 wyverns (Lair:1)
  23 yaks
  A vampire (D:11)
  A water elemental (D:11)
  6 hogs
  3 basilisks
  3 acid dragons
  4 wargs (D:9)
  5 water moccasins
  2 sky beasts
  4 orc warriors
  3 black bears
  5 ogres
  6 centaurs
  11 wolves
  An elf zombie (Ossuary)
  7 bullfrogs
  A kobold brigand (D:7)
  A gnoll sergeant (D:5)
  A scorpion (D:4)
  8 wights
  5 electric eels
  2 howler monkeys
  A lava snake (D:10)
  3 crimson imps (D:5)
  2 human zombies (Ossuary)
  3 jellies
  3 hounds (D:11)
  An iron imp (D:6)
  4 orc priests
  4 iguanas
  Ijyb (D:3)
  3 orc wizards
  A hound zombie (Ossuary)
  4 mummies (Ossuary)
  Robin (D:3)
  16 gnolls
  5 adders
  4 white imps
  3 adder zombies (Ossuary)
  3 dart slugs
  25 orcs
  12 ball pythons
  5 endoplasms
  2 giant cockroaches
  20 goblins
  9 hobgoblins
  6 jackals
  2 quokkas
  6 bats
  2 frilled lizards
  A goblin skeleton (D:5)
  3 goblin zombies (D:5)
  2 jackal zombies (Ossuary)
  16 kobolds
  5 orc skeletons (D:5)
  2 orc zombies
  7 rats
  2 rat zombies (Ossuary)
  2 lurking horrors (D:9)
336 creatures vanquished.

Notes
Turn   | Place    | Note
-------+----------+-------------------------------------------
     0 | D:1      | qw the Gargoyle Fighter began the quest for the Orb.
     0 | D:1      | Reached XP level 1. HP: 14/14 MP: 1/1
     0 | D:1      | 0 ||| qw: Version: 0.3-a-40-ge99b1a8
     0 | D:1      | 0 ||| qw: Game counter: 7990
     0 | D:1      | 0 ||| qw: Melee chars always use a shield: true
     0 | D:1      | 0 ||| qw: God list: Okawaru
     0 | D:1      | 0 ||| qw: Allow faded altars: false
     0 | D:1      | 0 ||| qw: Do Orc after clearing Dungeon:15 true
     0 | D:1      | 0 ||| qw: Do second Lair branch before Depths: true
     0 | D:1      | 0 ||| qw: Lair rune preference: random
     0 | D:1      | 0 ||| qw: Goals: Normal, Zot:1-4, Slime:5, God:TSO, Crypt,
                  | Tomb, Abyss, Pan, Hells, Win
     0 | D:1      | 0 ||| PLANNING D:1-11
    43 | D:1      | 43 ||| Stepping ~*~*~tactically~*~*~ (stealth).
    48 | D:1      | 48 ||| Stepping ~*~*~tactically~*~*~ (stealth).
    51 | D:1      | Reached skill level 2 in Axes
    52 | D:1      | 52 ||| Stepping ~*~*~tactically~*~*~ (stealth).
    90 | D:1      | Found a faded altar of an unknown god.
   104 | D:1      | Reached XP level 2. HP: 15/19 MP: 2/2
   146 | D:1      | Reached skill level 3 in Axes
   230 | D:1      | Reached XP level 3. HP: 23/23 MP: 3/3
   477 | D:1      | 477 ||| Stepping ~*~*~tactically~*~*~ (stealth).
   478 | D:1      | 478 ||| Stepping ~*~*~tactically~*~*~ (stealth).
   479 | D:1      | 479 ||| Stepping ~*~*~tactically~*~*~ (stealth).
   480 | D:1      | 480 ||| Stepping ~*~*~tactically~*~*~ (stealth).
   769 | D:1      | 769 ||| UPGRADING to +0 helmet.
   774 | D:1      | 774 ||| UPGRADING to +0 pair of boots.
   779 | D:1      | 779 ||| READING 2 scrolls labelled TAIRPH NUCVOI.
   780 | D:1      | 780 ||| READING scroll labelled BIRYLU TEFIFEA.
   781 | D:1      | 781 ||| READING 2 scrolls labelled WAARUXK SENO.
   855 | D:2      | 855 ||| READING scroll labelled ONOACO ZUOCHOE.
   939 | D:2      | Reached XP level 4. HP: 26/28 MP: 4/4
   977 | D:2      | Reached skill level 4 in Axes
  1069 | D:2      | 1069 ||| DROPPING +0 club.
  1072 | D:2      | 1072 ||| DROPPING +0 whip.
  1264 | D:2      | 1264 ||| UPGRADING to amulet of reflection.
  1504 | D:2      | 1504 ||| DRINKING 2 amethyst potions.
  1533 | D:3      | Reached XP level 5. HP: 20/32 MP: 5/5
  1844 | D:3      | 1844 ||| Stepping ~*~*~tactically~*~*~ (stealth).
  1859 | D:3      | 1859 ||| Stepping ~*~*~tactically~*~*~ (stealth).
  1865 | D:3      | Reached skill level 5 in Axes
  1894 | D:3      | Noticed Ijyb
  1926 | D:3      | Killed Ijyb
  1992 | D:3      | 1992 ||| Stepping ~*~*~tactically~*~*~ (hiding).
  2038 | D:3      | 2038 ||| Stepping ~*~*~tactically~*~*~ (stealth).
  2040 | D:3      | 2040 ||| Stepping ~*~*~tactically~*~*~ (stealth).
  2050 | D:3      | 2050 ||| Stepping ~*~*~tactically~*~*~ (stealth).
  2189 | D:3      | Reached XP level 6. HP: 37/38 MP: 6/6
  2275 | D:3      | Reached skill level 1 in Dodging
  2288 | D:3      | Noticed Robin
  2289 | D:3      | 2289 ||| FLEEEEING.
  2301 | D:3      | Killed Robin
  2469 | D:3      | Noticed a water moccasin
  2489 | D:3      | Killed a water moccasin
  2668 | D:3      | 2668 ||| UPGRADING to +0 chain mail.
  2678 | D:3      | 2678 ||| DROPPING +0 scale mail.
  2679 | D:3      | 2679 ||| UPGRADING to +9 plate armour of ponderousness.
  2689 | D:3      | 2689 ||| DROPPING +0 chain mail.
  2690 | D:3      | 2690 ||| UPGRADING to +2 helmet.
  2700 | D:3      | 2700 ||| DROPPING +0 helmet.
  2701 | D:3      | 2701 ||| READING scroll labelled QAELEW VEY.
  2702 | D:3      | 2702 ||| DRINKING 2 viscous red potions.
  2703 | D:3      | 2703 ||| READING 3 scrolls of identify.
  2703 | D:3      | 2703 ||| IDENTIFYING fuming pink potion
  2704 | D:3      | 2704 ||| READING 2 scrolls of identify.
  2704 | D:3      | 2704 ||| IDENTIFYING sapphire potion
  2705 | D:3      | 2705 ||| DROPPING potion of brilliance.
  2864 | D:4      | Reached skill level 6 in Axes
  2864 | D:4      | Reached XP level 7. HP: 43/43 MP: 7/7
  2951 | D:4      | 2951 ||| Stepping ~*~*~tactically~*~*~ (hiding).
  2956 | D:4      | 2956 ||| Stepping ~*~*~tactically~*~*~ (hiding).
  2957 | D:4      | 2957 ||| Stepping ~*~*~tactically~*~*~ (hiding).
  2958 | D:4      | 2958 ||| Stepping ~*~*~tactically~*~*~ (hiding).
  2959 | D:4      | 2959 ||| Stepping ~*~*~tactically~*~*~ (hiding).
  2960 | D:4      | 2960 ||| Stepping ~*~*~tactically~*~*~ (hiding).
  2981 | D:4      | 2981 ||| Stepping ~*~*~tactically~*~*~ (stealth).
  2982 | D:4      | 2982 ||| Stepping ~*~*~tactically~*~*~ (stealth).
  3215 | D:4      | 3215 ||| Stepping ~*~*~tactically~*~*~ (hiding).
  3446 | D:4      | 3446 ||| READING scroll labelled LUTZETUZOTA.
  3447 | D:4      | 3447 ||| DRINKING 2 lumpy amethyst potions.
  3448 | D:4      | 3448 ||| DRINKING 2 fizzy black potions.
  3449 | D:4      | 3449 ||| READING 2 scrolls of identify.
  3449 | D:4      | 3449 ||| IDENTIFYING purple potion
  3450 | D:4      | 3450 ||| DROPPING potion of invisibility.
  3521 | D:5      | Entered Level 5 of the Dungeon
  3607 | D:5      | 3607 ||| Stepping ~*~*~tactically~*~*~ (hiding).
  3616 | D:5      | Reached skill level 1 in Throwing
  3651 | D:5      | Reached skill level 7 in Axes
  3653 | D:5      | 3653 ||| Stepping ~*~*~tactically~*~*~ (stealth).
  3656 | D:5      | 3656 ||| Stepping ~*~*~tactically~*~*~ (stealth).
  3660 | D:5      | Reached XP level 8. HP: 48/48 MP: 8/8
  3686 | D:5      | 3686 ||| Stepping ~*~*~tactically~*~*~ (hiding).
  3687 | D:5      | 3687 ||| Stepping ~*~*~tactically~*~*~ (stealth).
  3708 | D:5      | HP: 11/49 [gnoll/+0 spear[a gnoll sergeant] (5)]
  3708 | D:5      | HP: 4/49 [gnoll sergeant/+2 trident of freezing (2)]
  3709 | D:5      | 3709 ||| READING 2 scrolls of teleportation.
  3709 | D:5      | HP: 1/49 [gnoll sergeant/+2 trident of freezing (1)]
  3710 | D:5      | 3710 ||| DRINKING potion of heal wounds.
  3882 | D:5      | 3882 ||| Stepping ~*~*~tactically~*~*~ (stealth).
  3883 | D:5      | 3883 ||| Stepping ~*~*~tactically~*~*~ (stealth).
  3885 | D:5      | 3885 ||| Stepping ~*~*~tactically~*~*~ (hiding).
  4079 | D:5      | 4079 ||| FLEEEEING.
  4084 | D:5      | 4084 ||| FLEEEEING.
  4085 | D:5      | 4085 ||| FLEEEEING.
  4086 | D:5      | 4086 ||| FLEEEEING.
  4087 | D:5      | 4087 ||| FLEEEEING.
  4088 | D:5      | 4088 ||| FLEEEEING.
  4089 | D:5      | 4089 ||| FLEEEEING.
  4114 | D:5      | 4114 ||| Stepping ~*~*~tactically~*~*~ (hiding).
  4116 | D:5      | 4116 ||| Stepping ~*~*~tactically~*~*~ (hiding).
  4117 | D:5      | 4117 ||| Stepping ~*~*~tactically~*~*~ (hiding).
  4129 | D:5      | Reached skill level 8 in Axes
  4135 | D:5      | Found a glowing golden altar of the Shining One.
  4222 | D:5      | Found a shimmering altar of Xom.
  4253 | D:5      | 4253 ||| FLEEEEING.
  4254 | D:5      | 4254 ||| FLEEEEING.
  4255 | D:5      | 4255 ||| FLEEEEING.
  4256 | D:5      | 4256 ||| FLEEEEING.
  4257 | D:5      | 4257 ||| FLEEEEING.
  4258 | D:5      | 4258 ||| FLEEEEING.
  4259 | D:5      | 4259 ||| STAIRDANCE
  4298 | D:4      | 4298 ||| READING 2 scrolls of identify.
  4298 | D:4      | 4298 ||| IDENTIFYING lumpy dark potion
  4299 | D:4      | 4299 ||| DROPPING potion of degeneration.
  4337 | D:5      | Found a stormy altar of Qazlal.
  4564 | D:5      | 4564 ||| DROPPING ring of flight.
  4565 | D:5      | 4565 ||| READING 2 scrolls of identify.
  4565 | D:5      | 4565 ||| IDENTIFYING fuming puce potion
  4596 | D:6      | 4596 ||| PLANNING OSSUARY
  4639 | D:6      | Reached skill level 6 in Fighting
  4652 | D:6      | 4652 ||| FLEEEEING.
  4738 | D:6      | Reached XP level 9. HP: 47/55 MP: 9/9
  4794 | D:6      | 4794 ||| Stepping ~*~*~tactically~*~*~ (stealth).
  4820 | D:6      | Found a staircase to the Ecumenical Temple.
  4906 | D:6      | Identified the ring "Kifamp" {rN+ Str+4 Int-3 Dex+7}
  4920 | D:6      | Found a snail-covered altar of Cheibriados.
  5047 | D:6      | Found a sand-covered staircase.
  5048 | D:6      | 5048 ||| UPGRADING to ring "Kifamp" {rN+ Str+4 Int-3
                  | Dex+7}.
  5049 | D:6      | 5049 ||| READING scroll labelled DYOCWA OWACOEL.
  5050 | D:6      | 5050 ||| READING 4 scrolls of identify.
  5050 | D:6      | 5050 ||| IDENTIFYING grey potion
  5055 | Ossuary  | Entered an ossuary
  5278 | Ossuary  | 5278 ||| READING scroll labelled CIOTUT ZUTSEI.
  5279 | Ossuary  | 5279 ||| DRINKING 3 red potions.
  5280 | Ossuary  | 5280 ||| READING 3 scrolls of identify.
  5280 | Ossuary  | 5280 ||| IDENTIFYING bubbling golden potion
  5295 | D:6      | 5295 ||| PLANNING TEMPLE
  5323 | Temple   | Entered the Ecumenical Temple
  5355 | Temple   | 5355 ||| PLANNING OKAWARU WORSHIP
  5520 | Temple   | Became a worshipper of Warmaster Okawaru
  5521 | Temple   | 5521 ||| PLANNING D:1-11
  5623 | D:7      | Reached skill level 9 in Axes
  5673 | D:7      | Noticed a hornet
  5699 | D:7      | Killed a hornet
  5712 | D:7      | 5712 ||| DROPPING ring of wizardry.
  5713 | D:7      | 5713 ||| READING scroll labelled LOFUIG SEYGOSCH.
  5717 | D:7      | 5717 ||| FLEEEEING.
  5750 | D:7      | 5750 ||| Stepping ~*~*~tactically~*~*~ (hiding).
  5794 | D:7      | 5794 ||| Stepping ~*~*~tactically~*~*~ (hiding).
  5903 | D:7      | Noticed Joseph
  5904 | D:7      | 5904 ||| Stepping ~*~*~tactically~*~*~ (hiding).
  5923 | D:7      | Killed Joseph
  5923 | D:7      | Reached * piety under Okawaru
  6089 | D:7      | 6089 ||| INVOKING Heroism.
  6097 | D:7      | Reached skill level 1 in Invocations
  6127 | D:7      | Found a sparkling altar of Nemelex Xobeh.
  6300 | D:7      | 6300 ||| UPGRADING to +6 ring of dexterity.
  6301 | D:7      | 6301 ||| READING scroll labelled RASIX TORO.
  6345 | D:8      | Found a radiant altar of Vehumet.
  6386 | D:8      | Noticed a two-headed ogre
  6387 | D:8      | 6387 ||| INVOKING Heroism.
  6394 | D:8      | Killed a two-headed ogre
  6395 | D:8      | Reached skill level 3 in Invocations
  6395 | D:8      | Reached XP level 10. HP: 51/63 MP: 7/12
  6461 | D:8      | 6461 ||| Stepping ~*~*~tactically~*~*~ (hiding).
  6588 | D:8      | Found an opulent altar of Gozag.
  6662 | D:8      | Noticed Amaemon
  6663 | D:8      | 6663 ||| INVOKING Heroism.
  6663 | D:8      | Noticed an orange demon
  6670 | D:8      | Reached skill level 3 in Dodging
  6675 | D:8      | Reached ** piety under Okawaru
  6677 | D:8      | 6677 ||| INVOKING Heroism.
  6688 | D:8      | Killed Amaemon
  6701 | D:8      | Killed an orange demon
  6702 | D:8      | Reached skill level 10 in Axes
  6808 | D:8      | Found an ancient bone altar of Kikubaaqudgha.
  6852 | D:8      | 6852 ||| Stepping ~*~*~tactically~*~*~ (hiding).
  6853 | D:8      | 6853 ||| Stepping ~*~*~tactically~*~*~ (hiding).
  6860 | D:8      | Reached *** piety under Okawaru
  7486 | D:9      | Reached skill level 11 in Axes
  7486 | D:9      | Reached XP level 11. HP: 63/68 MP: 14/14
  7538 | D:9      | 7538 ||| Stepping ~*~*~tactically~*~*~ (stealth).
  7540 | D:9      | 7540 ||| Stepping ~*~*~tactically~*~*~ (hiding).
  7542 | D:9      | 7542 ||| Stepping ~*~*~tactically~*~*~ (hiding).
  7578 | D:9      | Reached **** piety under Okawaru
  7625 | D:9      | 7625 ||| Stepping ~*~*~tactically~*~*~ (stealth).
  7701 | D:9      | Found a staircase to the Orcish Mines.
  7782 | D:9      | Found a corrupted altar of Lugonu.
  7784 | D:9      | Found a one-way gate to the infinite horrors of the Abyss.
  7958 | D:9      | Noticed a two-headed ogre
  7959 | D:9      | 7959 ||| INVOKING Heroism.
  7960 | D:9      | 7960 ||| Stepping ~*~*~tactically~*~*~ (stealth).
  7972 | D:9      | Killed a two-headed ogre
  7973 | D:9      | Reached skill level 9 in Fighting
  8090 | D:9      | 8090 ||| Stepping ~*~*~tactically~*~*~ (stealth).
  8092 | D:9      | Identified the +3 ring mail "Rocoomp" {Slay+3}
  8094 | D:9      | 8094 ||| INVOKING Heroism.
  8095 | D:9      | Found a blossoming altar of Fedhas.
  8203 | D:9      | 8203 ||| Stepping ~*~*~tactically~*~*~ (stealth).
  8206 | D:9      | 8206 ||| Stepping ~*~*~tactically~*~*~ (stealth).
  8208 | D:9      | 8208 ||| Stepping ~*~*~tactically~*~*~ (hiding).
  8237 | D:9      | 8237 ||| DROPPING +0 flail.
  8647 | D:10     | Entered Level 10 of the Dungeon
  8783 | D:10     | Noticed a two-headed ogre
  8784 | D:10     | 8784 ||| INVOKING Heroism.
  8792 | D:10     | Killed a two-headed ogre
  8792 | D:10     | Received a gift from Okawaru
  8793 | D:10     | Reached skill level 6 in Invocations
  8848 | D:10     | Noticed a two-headed ogre
  8849 | D:10     | 8849 ||| INVOKING Heroism.
  8855 | D:10     | Killed a two-headed ogre
  8906 | D:10     | Found an ornate altar of the Wu Jian Council.
  8907 | D:10     | 8907 ||| Stepping ~*~*~tactically~*~*~ (hiding).
  8910 | D:10     | Noticed a two-headed ogre
  8911 | D:10     | 8911 ||| INVOKING Heroism.
  8922 | D:10     | Killed a two-headed ogre
  9152 | D:10     | Found a faded altar of an unknown god.
  9177 | D:10     | 9177 ||| INVOKING Heroism.
  9185 | D:10     | 9185 ||| Stepping ~*~*~tactically~*~*~ (cloud).
  9201 | D:10     | 9201 ||| Stepping ~*~*~tactically~*~*~ (cloud).
  9203 | D:10     | 9203 ||| Stepping ~*~*~tactically~*~*~ (cloud).
  9212 | D:10     | 9212 ||| Stepping ~*~*~tactically~*~*~ (cloud).
  9214 | D:10     | HP: 11/71 [ice statue] (23)]
  9215 | D:10     | 9215 ||| READING 5 scrolls of teleportation.
  9215 | D:10     | HP: 3/71 [ice statue] (8)]
  9216 | D:10     | 9216 ||| DRINKING 3 potions of heal wounds.
  9217 | D:10     | 9217 ||| DRINKING 2 potions of heal wounds.
  9218 | D:10     | 9218 ||| DRINKING potion of heal wounds.
  9349 | D:10     | 9349 ||| Stepping ~*~*~tactically~*~*~ (hiding).
  9351 | D:10     | 9351 ||| INVOKING Heroism.
  9449 | D:10     | Found a burning altar of Makhleb.
  9449 | D:10     | Found a bloodstained altar of Trog.
  9535 | D:10     | Found a glowing silver altar of Zin.
  9749 | D:10     | Noticed a two-headed ogre
  9751 | D:10     | 9751 ||| INVOKING Heroism.
  9759 | D:10     | Killed a two-headed ogre
  9866 | D:10     | 9866 ||| UPGRADING to ring of protection from cold.
  9923 | D:11     | Noticed a death knight
  9930 | D:11     | 9930 ||| INVOKING Heroism.
  9932 | D:11     | HP: 15/71 [death knight/+4 great mace of protection (4)]
  9933 | D:11     | 9933 ||| READING 4 scrolls of teleportation.
  9937 | D:11     | 9937 ||| READING 3 scrolls of teleportation.
  9940 | D:11     | HP: 8/71 [komodo dragon (7)]
 10193 | D:11     | 10193 ||| Stepping ~*~*~tactically~*~*~ (stealth).
 10199 | D:11     | 10199 ||| INVOKING Heroism.
 10241 | D:11     | Found a staircase to the Lair.
 10242 | D:11     | 10242 ||| INVOKING Heroism.
 10253 | D:11     | 10253 ||| Stepping ~*~*~tactically~*~*~ (water).
 10258 | D:11     | Reached XP level 12. HP: 58/76 MP: 16/18
 10361 | D:11     | Noticed a two-headed ogre
 10371 | D:11     | Killed a two-headed ogre
 10372 | D:11     | Reached skill level 12 in Axes
 10372 | D:11     | 10372 ||| FLEEEEING.
 10373 | D:11     | 10373 ||| FLEEEEING.
 10374 | D:11     | 10374 ||| FLEEEEING.
 10375 | D:11     | 10375 ||| FLEEEEING.
 10376 | D:11     | 10376 ||| FLEEEEING.
 10377 | D:11     | 10377 ||| FLEEEEING.
 10378 | D:11     | 10378 ||| FLEEEEING.
 10379 | D:11     | 10379 ||| FLEEEEING.
 10380 | D:11     | 10380 ||| FLEEEEING.
 10381 | D:11     | 10381 ||| FLEEEEING.
 10382 | D:11     | 10382 ||| FLEEEEING.
 10383 | D:11     | 10383 ||| FLEEEEING.
 10384 | D:11     | 10384 ||| FLEEEEING.
 10385 | D:11     | 10385 ||| FLEEEEING.
 10386 | D:11     | 10386 ||| FLEEEEING.
 10387 | D:11     | 10387 ||| FLEEEEING.
 10388 | D:11     | 10388 ||| FLEEEEING.
 10440 | D:11     | 10440 ||| DROPPING +2 flail of protection.
 10525 | D:11     | 10525 ||| INVOKING Heroism.
 10655 | D:11     | Found a runed translucent door.
 10657 | D:11     | Found a hide-covered altar of Uskayaw.
 10659 | D:11     | Noticed a +0 demon whip of pain
 10692 | D:11     | 10692 ||| Stepping ~*~*~tactically~*~*~ (hiding).
 10698 | D:11     | 10698 ||| INVOKING Heroism.
 10715 | D:11     | Killed a death knight
 10715 | D:11     | HP: 18/76 [mirror damage (7)]
 10716 | D:11     | Reached skill level 6 in Shields
 11103 | D:11     | Reached skill level 9 in Invocations
 11208 | D:11     | 11208 ||| PLANNING LAIR
 11208 | D:11     | 11208 ||| DROPPING amulet of magic regeneration.
 11209 | D:11     | 11209 ||| READING scroll labelled PAOMOOCIEH.
 11310 | D:11     | 11310 ||| READING 5 scrolls of identify.
 11310 | D:11     | 11310 ||| IDENTIFYING smoky clear potion
 11311 | D:11     | 11311 ||| DROPPING potion of berserk rage.
 11360 | Lair:1   | Entered Level 1 of the Lair of Beasts
 11413 | Lair:1   | 11413 ||| INVOKING Heroism.
 11450 | Lair:1   | 11450 ||| READING scroll of enchant weapon.
 11450 | Lair:1   | 11450 ||| ENCHANTING +1 war axe.
 11496 | Lair:1   | Identified the +6 spear of the Inquisitive Hells {flame,
                  | Drain Int+4}
 11569 | Lair:1   | 11569 ||| INVOKING Heroism.
 11727 | Lair:1   | Noticed Nergalle
 11728 | Lair:1   | 11728 ||| INVOKING Heroism.
 11744 | Lair:1   | Killed Nergalle
 11887 | Lair:1   | 11887 ||| READING 6 scrolls of identify.
 11887 | Lair:1   | 11887 ||| IDENTIFYING yellow potion
 12037 | Lair:2   | Reached ***** piety under Okawaru
 12150 | Lair:2   | 12150 ||| INVOKING Heroism.
 12158 | Lair:2   | 12158 ||| Stepping ~*~*~tactically~*~*~ (stealth).
 12202 | Lair:2   | Reached skill level 13 in Axes
 12203 | Lair:2   | 12203 ||| INVOKING Heroism.
 12210 | Lair:2   | Noticed Urug
 12211 | Lair:2   | 12211 ||| INVOKING Finesse.
 12237 | Lair:2   | Killed Urug
 12248 | Lair:2   | Noticed a skyshark
 12249 | Lair:2   | 12249 ||| Stepping ~*~*~tactically~*~*~ (stealth).
 12250 | Lair:2   | 12250 ||| Stepping ~*~*~tactically~*~*~ (stealth).
 12346 | Lair:2   | 12346 ||| INVOKING Heroism.
 12347 | Lair:2   | Killed a skyshark
 12348 | Lair:2   | Reached skill level 3 in Throwing
 12349 | Lair:2   | Reached skill level 9 in Armour
 12470 | Lair:2   | Reached XP level 13. HP: 66/82 MP: 20/20
 12775 | Lair:2   | 12775 ||| Stepping ~*~*~tactically~*~*~ (hiding).
 12776 | Lair:2   | 12776 ||| Stepping ~*~*~tactically~*~*~ (hiding).
 12779 | Lair:2   | Identified the +9 plate armour of Launar {Regen+ Str+3}
                  | (Okawaru gifted it to you on level 2 of the Lair of Beasts)
 12779 | Lair:2   | Received a gift from Okawaru
 13147 | Lair:2   | 13147 ||| DROPPING +1 chain mail of cold resistance.
 13148 | Lair:2   | 13148 ||| UPGRADING to +9 plate armour of Launar {Regen+
                  | Str+3}.
 13158 | Lair:2   | 13158 ||| DROPPING +9 plate armour of ponderousness.
 13159 | Lair:2   | 13159 ||| READING scroll labelled NITROM WOBBAEL.
 13178 | Lair:3   | Noticed Kirke
 13179 | Lair:3   | 13179 ||| INVOKING Heroism.
 13180 | Lair:3   | 13180 ||| INVOKING Finesse.
 13196 | Lair:3   | 13196 ||| FLEEEEING.
 13197 | Lair:3   | 13197 ||| STAIRDANCE
 13199 | Lair:2   | 13199 ||| DRINKING 3 potions of cancellation.
 13212 | Lair:2   | HP: 19/82 [something (17)]
 13217 | Lair:2   | Mangled by Kirke

Levels and vault maps discovered:
D:1:      shiori_shiawase, layout_rooms, nicolae_ecumenical_snake_handling,
          serial_corexii_hall, chequers_hall_statues_wall_a,
          corexii_hall_statues_x, chequers_hall_statues_wall_a,
          chequers_hall_statues_y, chequers_hall_statues_corner_a,
          chequers_hall_statues_corner_a
D:2:      layout_loops_ring, serial_glass, glass_columns_a, glass_columns_a,
          glass_columns_b, glass_columns_c, glass_columns_a, glass_columns_b,
          glass_columns_a, glass_columns_a
D:3:      kennysheep_goblin_castle, layout_basic, serial_forest,
          infiniplex_forest_clump_diagonal, infiniplex_forest_end_double,
          infiniplex_forest_clump_C, infiniplex_forest_3_way,
          infiniplex_forest_lined_room_2, infiniplex_forest_lined_4_way,
          infiniplex_forest_lined_ring, uniq_ijyb
D:4:      layout_loops_ring
D:5:      layout_basic, mainiacjoe_overflow_six_doors_small,
          nicolae_tso_besieged_by_evil, led_xom_imps, grunt_ministairs_2,
          minmay_manual_monolith
D:6:      layout_rooms, slow_altar_2, temple_doors_ab,
          nicolae_ossuary_entry_false_entrances
D:7:      layout_cave_pools, nemelex_diamond_rough_becter,
          kb_lookout_dungeons_type, uniq_joseph
D:8:      layout_basic, lemuel_round_altar, mainiacjoe_overflow_catwalk,
          mainiacjoe_overflow_24_doors, uniq_amaemon
D:9:      layout_loops_ring, fedhas_altar_1, minmay_orc_entry_guard_dogs,
          amcnicky_altar_lugonu_corruption
D:10:     lemuel_ice_statue, layout_cave_pods, zin_statuary,
          mainiacjoe_overflow_surrounded_room, nicolae_overflow_two_pavilions,
          serial_column_ruins, column_ruins_temple_circle,
          column_ruins_open_tiny, column_ruins_columns_T, column_ruins_grid_1,
          column_ruins_open_tiny, column_ruins_open_tiny_water
D:11:     layout_long_grid, erik_lair_island, nicolae_danse_macabre
Temple:   grunt_temple_mini_profane
Lair:1:   layout_hall_layers, uniq_nergalle
Lair:2:   layout_roguey, serial_bayou, serial_bayou_lagoon_a,
          serial_bayou_pond_e, serial_bayou_shore_a, serial_bayou_pond_d,
          st_stairs_4, nicolae_quartered_pool_medium, uniq_urug
Lair:3:   layout_chaotic_city, minmay_swamp_entry_eels,
          spider_nest_entry_funnel_web, grunt_forest_small_clearing_treed,
          uniq_kirke

Skill      XL: |  1  2  3  4  5  6  7  8  9 10 11 12 13 |
---------------+----------------------------------------+-----
Axes           | 2 3 4 5 6 7 8 9 11 13 | 13.2
Fighting       | 4 6 7 8 9 10 | 10.0
Dodging        | 1 2 3 4 |  4.0
Armour         | 4 5 7 8 9 |  9.0
Throwing       | 1 3 4 |  4.0
Shields        | 4 5 6 |  6.0
Invocations    | 3 4 8 10 | 10.0

Action                     |  1- 3 |  4- 6 |  7- 9 | 10-12 | 13-15 || total
---------------------------+-------+-------+-------+-------+-------++-------
  Melee: War axe           |   103 |   165 |   316 |   624 |    57 ||  1265
         Unarmed           |       |       |       |       |     4 ||     4
  Throw: Boomerang         |       |       |    16 |    85 |       ||   101
         Javelin           |       |       |       |       |    12 ||    12
 Invoke: Heroism           |       |       |     2 |    21 |     1 ||    24
         Finesse           |       |       |       |     1 |     1 ||     2
    Use: Scroll            |     4 |     3 |    11 |     7 |     1 ||    26
         Potion            |       |     2 |     4 |     3 |     1 ||    10
 Armour: Scale mail        |    45 |    89 |       |       |       ||   134
         Plate armour      |       |     8 |   204 |   258 |    21 ||   491
  Dodge: Dodged            |    50 |    72 |    79 |   200 |    10 ||   411
  Block: Buckler           |    13 |    77 |   143 |   277 |    23 ||   533
         Reflection        |       |     4 |    10 |     3 |       ||    17
         Other             |       |       |       |       |     1 ||     1

Table legend:
 A = Non-vault XP
 B = Vault XP
 C = Vault XP percentage of total XP
 D = Non-vault monster count
 E = Vault monster count
 F = Vault count percentage of total count
                 A         B        C        D         E       F
            +---------+---------+-------+---------+---------+-------
      Total |   28119 |    7772 |  21.7 |     243 |      91 |  27.2
            +---------+---------+-------+---------+---------+-------
        D:1 |      64 |       5 |   7.2 |      32 |       3 |   8.6
        D:2 |      89 |       0 |   0.0 |      17 |       0 |   0.0
        D:3 |     270 |      87 |  24.4 |      24 |      21 |  46.7
        D:4 |     266 |       0 |   0.0 |      11 |       0 |   0.0
        D:5 |     588 |     746 |  55.9 |      18 |      25 |  58.1
        D:6 |     434 |      40 |   8.4 |       7 |       1 |  12.5
        D:7 |     732 |     599 |  45.0 |      13 |       2 |  13.3
        D:8 |    2220 |    1175 |  34.6 |      11 |       2 |  15.4
        D:9 |    3899 |     665 |  14.6 |      28 |       4 |  12.5
       D:10 |    5530 |       0 |   0.0 |      21 |       0 |   0.0
       D:11 |    3174 |     776 |  19.6 |      13 |       7 |  35.0
     Lair:1 |    2944 |     775 |  20.8 |      13 |       1 |   7.1
     Lair:2 |    7327 |    1627 |  18.2 |      33 |       4 |  10.8
     Lair:3 |     582 |     971 |  62.5 |       2 |       5 |  71.4
    Ossuary |       0 |     306 | 100.0 |       0 |      16 | 100.0
            +---------+---------+-------+---------+---------+-------
